 Dungeon Crawl Stone Soup version 0.30-a0-715-gdb4ae3ece1 (webtiles) character file.

Game seed: 12168938593364618301

105 warriortoast the Shooter (level 4, -7/24 HPs)
             Began as a Spriggan Hunter on Jan 24, 2023.
             Killed from afar by an orc wizard (11 damage)
             ... with a puff of flame
             ... on level 2 of the Dungeon.
             The game lasted 00:03:33 (2708 turns).

warriortoast the Shooter (Spriggan Hunter)          Turns: 2708, Time: 00:03:34

Health: -7/24      AC:  2    Str:  7    XL:     4   Next: 53%
Magic:  5/5        EV: 18    Int: 10    God:
Gold:   200        SH:  0    Dex: 20    Spells: 3/3 levels left

rFire   . . .      SeeInvis +    a - +0 shortbow
rCold   . . .      Faith    .    (shield currently unavailable)
rNeg    . . .      Spirit   .    c - +0 robe
rPois   .          Reflect  .    (helmet restricted)
rElec   .          Harm     .    (no cloak)
rCorr   .          Rampage  .    (gloves unavailable)
Will    .....                    (boots unavailable)
Stlth   +                        (no amulet)
HPRegen 0.24/turn                (no ring)
MPRegen 0.09/turn                (no ring)

@: confused, very quick
A: very small, no large weapons, unfitting armour, see invisible, speed 3
a: no special abilities


You were on level 2 of the Dungeon.
You visited 1 branch of the dungeon, and saw 3 of its levels.

You collected 200 gold pieces.

Inventory:

Hand Weapons
 a - a +0 shortbow (weapon)
Armour
 c - a +0 robe (worn)
Wands
 p - a wand of mindburst (22)
Scrolls
 b - 2 scrolls of immolation
 d - a scroll of poison {unknown}
 h - 4 scrolls of identify {unknown}
 i - 2 scrolls of fog {unknown}
 k - 2 scrolls of enchant armour {unknown}
 l - a scroll of noise {unknown}
 m - a scroll of summoning {unknown}
 n - a scroll of teleportation {unknown}
Potions
 e - a potion of attraction {unknown}
 f - 6 potions of heal wounds {unknown}
 g - 3 potions of magic {unknown}
 j - 5 potions of brilliance {unknown}
 o - 2 potions of haste {unknown}


   Skills:
 + Level 3.0 Fighting
 + Level 5.1 Ranged Weapons
 - Level 2.6 Dodging
 - Level 1.5 Stealth


You had 3 spell levels left.
You didn't know any spells.
Your spell library was empty.

Dungeon Overview and Level Annotations

Branches:
Dungeon (3/15)

Altars:


Innate Abilities, Weirdness & Mutations

You are very small and have problems with some larger weapons.
You are too small for most types of armour.
You have supernaturally acute eyesight. (SInv)
You cover ground extremely quickly. (Speed+++)


Message History

The arrow hits the orc wizard but does no damage.
You shoot an arrow. The arrow hits the orc wizard!
The orc wizard is heavily wounded.
The orc wizard points at you and mumbles some strange words.
You are confused.
You shoot an arrow.
The orc wizard gestures at you while chanting.
You are more confused.
You shoot an arrow. You shoot an arrow.
The orc wizard points at you and mumbles some strange words.
The magic dart hits you.
You shoot an arrow. You shoot an arrow. The arrow misses the orc wizard.
You hear a shout!
The orc wizard hits you with a +0 dagger.
The orc throws a stone.
The stone barely misses you.
You shoot an arrow. The orc wizard closely misses you.
The orc wizard casts a spell at you.
You easily resist.
You bump into the rock wall.
The orc wizard closely misses you.
You bump into the rock wall.
You feel less confused.
You shoot an arrow.
The arrow closely misses the orc wizard.
The orc wizard casts a spell at you. The magic dart hits you!
* * * LOW HITPOINT WARNING * * *
The orc wizard hits you with a +0 dagger.
* * * LOW HITPOINT WARNING * * *
There is a stone staircase leading up here.
The orc wizard casts a spell at you.
You easily resist.
You climb upwards.
There is a stone staircase leading down here.
The orc wizard gestures at you while chanting.
You are confused.
The orc wizard casts a spell at you. The puff of flame hits you!
You die...

#.# ####...#...........#.# #..
#.########...#.#########...###..
#...............................
#######.##.####.###.............
#.#.#.#.....#.#####.####..
#..###....o.#.## #.###### #.##
##.[<.....# #.....#
##.###......#..# #..##.#
##.#....@.....# #..##.#
##.####.####.# #..##.# ###
#.####[####>.##.#
#............##.#
######.#####.##.# #.# #.##.# #.#
#.##.## #.#####.##...
#.......#####


You could see an orc wizard.

Vanquished Creatures
  3 adders
  3 worms
  2 dart slugs
  3 orcs
  6 ball pythons
  7 endoplasms
  6 giant cockroaches
  4 hobgoblins
  4 jackals
  5 kobolds
  A quokka (D:2)
  7 bats
  2 frilled lizards
  2 goblins (D:1)
  5 rats
60 creatures vanquished.

Notes
Turn   | Place    | Note
-------+----------+-------------------------------------------
     0 | D:1      | warriortoast the Spriggan Hunter began the quest for the
                  | Orb.
     0 | D:1      | Reached XP level 1. HP: 10/10 MP: 2/2
   206 | D:1      | Reached XP level 2. HP: 15/15 MP: 3/3
   738 | D:1      | Reached XP level 3. HP: 18/18 MP: 4/4
  1638 | D:2      | Reached XP level 4. HP: 23/23 MP: 5/5
  2132 | D:3      | Reached skill level 5 in Ranged Weapons
  2708 | D:2      | Killed from afar by an orc wizard

Illustrated notes

Levels and vault maps discovered:
D:1:      beargit_arrival_diablo_church, layout_basic, serial_aquarium,
          aquarium_bridge_straight [aquarium_subvault_bridge,
          aquarium_subvault_wall, aquarium_subvault_bridge,
          aquarium_subvault_wall], aquarium_bridge_island_small
          [aquarium_subvault_small_open, aquarium_subvault_wall,
          aquarium_subvault_window, aquarium_subvault_bridge,
          aquarium_subvault_bridge], aquarium_window_1, aquarium_window_2,
          aquarium_window_1, aquarium_window_corridor_1, aquarium_view_2d,
          aquarium_view_2d, aquarium_balcony_3a, st_stairs_14
D:2:      layout_loops_ring
D:3:      layout_basic

Skill      XL: |  1  2  3  4 |
---------------+-------------+-----
Fighting       | 2 3 |  3.0
Ranged Weapons | 5 |  5.1
Dodging        | |  2.6
Stealth        | |  1.5

Action                     |  1- 3 |  4- 6 || total
---------------------------+-------+-------++-------
   Fire: Shortbow          |   145 |    53 ||   198
 Armour: Robe              |     8 |       ||     8
  Dodge: Dodged            |    48 |    15 ||    63

Table legend: (Time is in decaauts)
 A = Elapsed time spent in this place.
 B = Non-inter-level travel time spent in this place.
 C = Inter-level travel time spent in this place.
 D = Time resting spent in this place.
 E = Time spent auto-exploring this place.
 F = Levels seen in this place.
 G = Mean time per level.
                   A        B        C        D        E       F      G
               +--------+--------+--------+--------+--------+-----+--------+
         Total |   1923 |   1833 |     90 |    286 |   1129 |   3 |  641.0 |
       Dungeon |   1923 |   1833 |     90 |    286 |   1129 |   3 |  641.0 |
               +--------+--------+--------+--------+--------+-----+--------+

Top non-repeatable levels by time:
     D:2: 811 daAuts
     D:1: 702 daAuts
     D:3: 410 daAuts
